[Event "*** Titled Tuesday 3|2 Blitz"]
[Site "Chess.com"]
[Date "2016.05.03"]
[Round "2"]
[White "flavettes"]
[Black "PowerThinking2650"]
[Result "1/2-1/2"]
[WhiteElo "2360"]
[BlackElo "2174"]
[TimeControl "180+2"]
[EndTime "17:23:38 PDT"]
[Termination "Game drawn by agreement"]

1. c4 Nf6 2. Nc3 g6 3. d4 Bg7 4. e4 d6 5. Be2 O-O 6. Nf3 e5 7. O-O Nc6 8. d5 Ne7 9. b4 Nh5 10. Re1 f5 11. Ng5 Nf6 12. Bf3 c6 13. Be3 fxe4 14. Ncxe4 Nxe4 15. Bxe4 h6 16. Ne6 Bxe6 17. dxe6 d5 18. cxd5 cxd5 19. Bc5 dxe4 20. Qxd8 Rfxd8 21. Bxe7 Re8 22. Bc5 Rxe6 23. Rxe4 b6 24. Be3 Rd6 25.
b5 a6 26. Rb4 axb5 27. g4 e4 28. Rc1 Rxa2 29. Rc8+ Kh7 30. Rc7 Ra1+ 31. Kg2 Rad1 32. Rxb5 Rd7 33. Rc4 Bd4 34. Bxd4 R1xd4 35. Rxd4 Rxd4 36.
Rxb6 g5 37. Re6 Kg7 38. h3 Ra4 39. Kf1 Ra3 40. Kg2 Ra4 41. Rb6 Rc4 42. Ra6 Rc5 43. Ra4 Re5 44. Kf1 e3 45. f3 e2+ 46.
Ke1 Re3 47. Ra6 Rxf3 48. Kxe2 Rxh3 49. Kf2 Rc3 50. Kg2 Rc4 51. Kg3 Rf4 52. Rb6 Rf6 53. Rb5 Kf7 54. Rb7+ Ke6 55. Rb6+ Ke5 56. Rb5+ Kd4 57.
Rb4+ Kc3 58. Rb8 Re6 59. Rh8 Rd6 60. Kf3 Kd3 61. Rh7 Rf6+ 62. Kg3 Ke4 63. Re7+ Kd5 64. Re8 Re6 65. Ra8 Re3+ 66. Kf2 Rb3 67. Re8 Kd6 68. Kg2 Kd7 69. Rh8 Ke6 70. Rxh6+ Ke5 71. Ra6 Rb2+ 72.
Kf3 Rb3+ 73. Kf2 Rb2+ 74. Ke3 Rb3+ 1/2-1/2

[Event "*** Titled Tuesday 3|2 Blitz"]
[Site "Chess.com"]
[Date "2016.05.03"]
[Round "2"]
[White "Noukii"]
[Black "yarosavich"]
[Result "0-1"]
[WhiteElo "2712"]
[BlackElo "2540"]
[TimeControl "180+2"]
[EndTime "17:24:42 PDT"]
[Termination "yarosavich won by resignation"]

1. d4 d5 2. Nf3 Nf6 3. c4 e6 4. g3 dxc4 5. Bg2 a6 6. O-O Nc6 7. Nc3 Rb8 8. e4 Be7 9. Qe2 b5 10. Rd1 O-O 11. a3 Bb7 12. Bf4 Re8 13. h3 Na5 14.
Re1 Rc8 15. Rad1 Nd7 16. h4 Bd6 17. Bg5 f6 18. e5 fxg5 19. exd6 g4 20. dxc7 Qxc7 21.
Ne5 Bxg2 22. Kxg2 Nxe5 23. dxe5 Nc6 24. Rd6 Rcd8 25. Red1 Rxd6 26. exd6 Qd7 27. Kh2 e5 28. Qe4 Nd4 29. Qd5+ Qf7 30. Rxd4 exd4 31. Qxd4 Qe6 32. Kg2 h5 33. Kh2 Rf8 34. Ne4 Re8 35. d7 Rd8 36.
Nc5 Qf6 37. Qd5+ Qf7 38. Qd4 Qf6 39. Qe3 Kf7 40. Kg1 a5 41. Qe4 g6 42. Qd5+ Ke7 43. a4 bxa4 44. Qxc4 Qe5 45. Kh2 Rxd7 46. Nxd7 Kxd7 47. Qxa4+ Ke7 48. Qa3+ Kf7 49. Qb3+ Ke7 50. Qb7+ Kf6 51. Kg2 Qc5 52. b3 Qe5 53. Kf1 Qa1+ 54. Ke2 Qe5+ 55. Kd3 Qf5+ 56. Ke2 Qe5+ 57. Kf1 Qa1+ 58.
Kg2 Qe5 59. Qc6+ Kf7 60. Qc4+ Kf6 61. Kf1 Qa1+ 62. Ke2 Qe5+ 63. Kd3 Qf5+ 64. Ke3 Qf3+ 65. Kd4 Qxf2+ 66. Kd5 Qf5+ 67. Kc6 Qf3+ 68. Kd7 Qb7+ 69. Kd6 Qb6+ 70. Kd7 Qb7+ 71. Kd6 Qe7+ 72. Kc6 Qe5 73. Qd3 Qe6+ 74. Kc7 Qe5+ 75. Kc6 Qe6+ 76. Kc7 Qe5+ 77. Kb6 g5 78. Qd8+ Kf7 79. hxg5 Qe3+ 80. Kxa5 Qxb3 81. Qf6+ Kg8 82. g6 Qa3+ 83. Kb5 Qb3+ 84. Kc5 Qe3+ 85. Kd5 Qd3+ 86. Ke6 Qe4+ 87. Kd6 Qd3+ 88. Kc5 Qe3+ 89. Kd5 Qd3+ 90. Ke5 Qc3+ 91. Kf5 Qxf6+ 92. Kxf6 h4 93. gxh4 g3 94. h5 g2 95. h6 g1=Q 96. h7+ Kh8 97. Kf7 Qf2+ 98. Ke8 Qf6 0-1

[Event "*** Titled Tuesday 3|2 Blitz"]
[Site "Chess.com"]
[Date "2016.05.03"]
[Round "2"]
[White "Zlatan56"]
[Black "pKiLz5Rn9b"]
[Result "1/2-1/2"]
[WhiteElo "2570"]
[BlackElo "2412"]
[TimeControl "180+2"]
[EndTime "17:26:46 PDT"]
[Termination "Game drawn - insufficient material"]

1. g3 Nf6 2. Bg2 d5 3. Nf3 e6 4. O-O Be7 5. d3 O-O 6. Nbd2 b5 7. e4 c5 8. e5 Nfd7 9. Re1 Nc6 10. Nf1 b4 11. h4 a5 12. N1h2 Re8 13. h5 h6 14.
Ng4 Bf8 15. c4 bxc3 16. bxc3 Ba6 17. Bf4 a4 18. Qxa4 Bxd3 19. Qxc6 Ra6 20. Qb7 Rb6 21. Qa7 Ra6 22. Qxa6 Bxa6 23. a4 Qa5 24. Bd2 Bd3 25.
c4 Qa6 26. cxd5 exd5 27. a5 Bf5 28. Ne3 Be4 29. Bf1 c4 30. Nxc4 Bxf3 31. Nd6 Qa8 32.
Nxe8 Qxe8 33. a6 Bc5 34. a7 Bxa7 35. Rxa7 Nxe5 36. Bd3 Be4 37. Be2 Qe6 38. Bd1 Qh3 39. Rxe4 dxe4 40. Ra3 Nf3+ 41. Bxf3 exf3 42. Rxf3 Qxh5 43. Rd3 Qd1+ 44. Kg2 Qe2 45. Rd4 Kh7 46. Be3 Qa6 47. Rf4 Qc6+ 48. Kh2 Qd5 49. Kg1 f5 50. Rd4 Qb5 51. Rd2 g5 52. Rd4 Kg6 53. Kg2 Kh5 54. Kg1 f4 55. gxf4 Kg4 56. fxg5+ Kh3 57. Rd1 Qe2 58. Rc1 hxg5 59. Bxg5 Qg4+ 60. Kf1 Qg2+ 61.
Ke2 Qxg5 62. Rc3+ Kh2 63. Rg3 Qe5+ 64. Kf3 Qf5+ 65. Ke3 Qc5+ 66. Kf3 Qd4 67. Rg2+ Kh1 68.
Rg3 Qd3+ 69. Kf4 Qe2 70. f3 Kh2 71. Rg4 Qd2+ 72. Ke4 Qb4+ 73. Kf5 Qc5+ 74. Kf4 Kh3 75. Ke4 Qc4+ 76. Ke3 Qe6+ 77. Kf4 Qe2 78. Rg3+ Kh4 79.
Rg4+ Kh5 80. Rg5+ Kh6 81. Rg4 Qd2+ 82. Kg3 Kh5 83. Re4 Kg5 84. Rg4+ Kf5 85. Re4 Qg5+ 86. Kf2 Qh5 87. Kg3 Qh1 88. Kf2 Qh2+ 89. Ke3 Qg2 90. Rg4 Qb2 91. Re4 Qc3+ 92. Kf2 Qd2+ 93. Kg3 Qc1 94. Kf2 Qh6 95. Kg3 Qh1 96. Rf4+ Ke5 97. Re4+ Kd5 98. Kf2 Qh2+ 99. Ke3 Qg3 100. Rg4 Qe1+ 101. Kd3 Qf2 102. Rg5+ Ke6 103. Ke4 Qe2+ 104. Kf4 Qd2+ 105. Kg4 Qd4+ 106. f4 Qg1+ 107. Kf3 Qf1+ 108. Ke3 Kf6 109. Re5 Qe1+ 110. Kf3 Qd1+ 111. Kg3 Qd3+ 112. Kg4 Qg6+ 113. Kf3 Qh6 114. Rg5 Qh1+ 115. Ke3 Ke6 116. Re5+ Kd6 117. Rg5 Qe1+ 118. Kf3 Ke6 119. Re5+ Qxe5 120. fxe5 Kxe5 1/2-1/2

[Event "*** Titled Tuesday 3|2 Blitz"]
[Site "Chess.com"]
[Date "2016.05.03"]
[Round "2"]
[White "GianmarcoVaR"]
[Black "HansCoolNiemann"]
[Result "0-1"]
[WhiteElo "2344"]
[BlackElo "2276"]
[TimeControl "180+2"]
[EndTime "17:29:13 PDT"]
[Termination "HansCoolNiemann won by resignation"]

1. d4 Nf6 2. Bg5 e6 3. e4 h6 4. Bxf6 Qxf6 5. c3 d6 6. Qf3 Qxf3 7. Nxf3 Nd7 8. Nbd2 c6 9. a4 g6 10. Bd3 Bg7 11. Nc4 Ke7 12. O-O b6 13. b4 Bb7 14.
Rfe1 Rhc8 15. a5 Rab8 16. e5 dxe5 17. dxe5 Rd8 18. Be4 Ba8 19. axb6 axb6 20. Ra7 Rb7 21. Rea1 Rxa7 22. Rxa7 Rb8 23. Nd6 f6 24. exf6+ Bxf6 25. Nc4 Bb7 26. Ne3 g5 27. b5 Kd6 28. Rxb7 Rxb7 29.
bxc6 Ra7 30. cxd7 Ra1+ 31. Nf1 Kxd7 32. c4 Kd6 33. g4 Kc5 34. Bd3 Ra3 35. Be2 Ra2 36.
N3d2 Bc3 37. Ne4+ Kd4 38. Nxc3 Kxc3 39. Ng3 Kd2 40. Kg2 Ra3 41. Bf3 Ke1 42. Bc6 Rc3 43. Bb5 Rc2 44. Ne4 Re2 45. Kf3 Rb2 46. Bd7 e5 47.
Bc6 Rb3+ 48. Kg2 Rd3 49. Bd5 b5 50. Nc5 Rd4 51. Nb3 Rd1 52. Kf3 Rd3+ 53. Ke4 Rxb3 54. cxb5 Rxb5 55. f3 Rb2 56. Kxe5 Rxh2 57. Kf6 Kf2 58. Kg6 Kg3 59. Be4 Kf4 60. Bd5 Rd2 61. Be4 Rd6+ 62. Kh5 Re6 63. Bd5 Rb6 64. Be4 Ke5 65. Ba8 Rf6 66. Be4 Kd4 67. Bg6 Ke3 68.
Kxh6 Kf4 69. Kg7 Re6 70. Be4 Ke5 71. Kf7 Rf6+ 72. Ke7 Rf4 73. Bc6 Rd4 74. Kf7 Rf4+ 75. Kg7 Rf6 76. Be4 Ra6 77. Bf5 Kf4 78. Be4 Rb6 79. Kf7 Rb3 80. Kg7 Rb6 81. Kh7 Ke5 82.
Kg7 Rd6 83. Kh7 Kf6 84. Kh6 Rd8 85. Kh7 Rc8 86. Bd5 Rc7+ 87. Kh6 Rc5 88. Be4 Rc4 89. Bd5 Rc5 90. Be4 Ra5 91. Kh7 Ra7+ 92. Kh6 Rc7 93.
Bd5 Rc8 94. Kh7 Rd8 95. Be4 Kf7 96. Bg6+ Kf6 97. Be4 Rd6 98. Kh6 Rd7 99. Bf5 Re7 100. Be4 Re6 101. Bf5 Re1 102. Kh7 Ke5 103. Kg6 Kf4 104. Kf6 Ra1 105. Bd3 Ra3 106. Be4 Ra5 107. Kg6 Ra6+ 108. Kf7 Ke5 109. Bf5 Rf6+ 110. Kg7 Rd6 111. Be4 Re6 112. Kf7 Rd6 113. Ke7 Rb6 114. Kf7 Rb4 115. Kg6 Kf4 116. Kf6 Rd4 117. Ke6 Rd2 118. Kf6 Re2 119. Kg6 Rh2 120.
Kf6 Rh6+ 121. Kg7 Rb6 122. Kf7 Ke5 123. Ke7 Rf6 124. Ba8 Rf4 125. Bb7 Rb4 126. Bc6 Rc4 127. Ba8 Rc7+ 128. Kd8 Rh7 129. Be4 Ra7 130. Ke8 Kf4 131. Kf8 Ra4 132. Bd5 Rd4 133. Bc6 Rd3 134. Kf7 Rxf3 135. Bd7 Re3 136. Kg6 Rg3 137. Kh5 Rh3+ 138. Kg6 Rh4 139. Kf6 Rxg4 140. Ke6 Rg3 141. Kd5 Re3 142. Kd4 Re5 143. Bc8 Re7 144. Kd5 g4 145. Kd6 Rg7 146. Bb7 g3 0-1

[Event "*** Titled Tuesday 3|2 Blitz"]
[Site "Chess.com"]
[Date "2016.05.03"]
[Round "3"]
[White "fourqueens13"]
[Black "zanbato17"]
[Result "1-0"]
[WhiteElo "2265"]
[BlackElo "2192"]
[TimeControl "180+2"]
[EndTime "17:31:34 PDT"]
[Termination "fourqueens13 won by resignation"]

1. c4 e6 2. g3 d5 3. Bg2 Nf6 4. d4 Be7 5. Nf3 O-O 6. O-O b6 7. Nc3 Bb7 8. Ne5 Nbd7 9. cxd5 exd5 10. Bg5 h6 11. Bxf6 Nxf6 12. f4 Re8 13. e3 Bb4 14. Rc1 Bxc3 15. Rxc3 Rc8 16. Qc2 Nd7 17. Bh3 Qe7 1-0

[Event "*** Titled Tuesday 3|2 Blitz"]
[Site "Chess.com"]
[Date "2016.05.03"]
[Round "3"]
[White "Zurability"]
[Black "EltajSafarli"]
[Result "0-1"]
[WhiteElo "2426"]
[BlackElo "2675"]
[TimeControl "180+2"]
[EndTime "17:32:13 PDT"]
[Termination "EltajSafarli won by resignation"]

1. e4 c5 2. Nc3 e6 3. Nge2 Nc6 4. d4 cxd4 5. Nxd4 Nf6 6. Ndb5 Bc5 7. Bf4 O-O 8. Bc7 Qe7 9. Bd6 Bxd6 10. Qxd6 Qd8 11. Qc7 Qe7 12. Qd6 Qd8 13. Qc7 d5 14. Qxd8 Rxd8 15. exd5 exd5 16. O-O-O d4 17. Ne2 Ne4 18. Nexd4 Nxf2 19. Be2 Nxd4 0-1

[Event "*** Titled Tuesday 3|2 Blitz"]
[Site "Chess.com"]
[Date "2016.05.03"]
[Round "3"]
[White "Quiet_Desperation"]
[Black "andryusha"]
[Result "1-0"]
[WhiteElo "2275"]
[BlackElo "2174"]
[TimeControl "180+2"]
[EndTime "17:32:18 PDT"]
[Termination "Quiet_Desperation won by resignation"]

1. e4 c5 2. Nf3 d6 3. d4 cxd4 4. Nxd4 Nf6 5. Nc3 Nc6 6. Be3 g6 7. f3 Bg7 8. Qd2 O-O 9. Bc4 Rb8 10. O-O-O Nxd4 11. Bxd4 b5 12. Bb3 a6 13. Nd5 a5 14.
Nxf6+ exf6 15. h4 a4 16. Bd5 a3 17. b3 Bb7 18. h5 Bxd5 19. exd5 Re8 20. hxg6 hxg6 21. g4 Qd7 22. Qh2 Qb7 23. g5 fxg5 24.
Qh8+ 1-0

[Event "*** Titled Tuesday 3|2 Blitz"]
[Site "Chess.com"]
[Date "2016.05.03"]
[Round "3"]
[White "howitzer14"]
[Black "jeaston1"]
[Result "1-0"]
[WhiteElo "2226"]
[BlackElo "1997"]
[TimeControl "180+2"]
[EndTime "17:33:00 PDT"]
[Termination "howitzer14 won by resignation"]

1. c4 e5 2. g3 Nf6 3. Bg2 Bc5 4.
Nc3 Nc6 5. e3 d6 6. Nf3 O-O 7.
O-O Bg4 8. h3 Bh5 9. g4 Bg6 10. d4 exd4 11. exd4 Bb6 12. Bg5 h6 13. Bh4 Bh7 14. Re1 Qd7 15. Bxf6 gxf6 16. Nd5 Kg7 17. Qd2 f5 18. Nf6 Qd8 19. Nh5+ Kh8 20. Qxh6 Rg8 21. Re8 Qxe8 1-0

[Event "*** Titled Tuesday 3|2 Blitz"]
[Site "Chess.com"]
[Date "2016.05.03"]
[Round "3"]
[White "Mornar1951"]
[Black "StellarChessPro"]
[Result "1-0"]
[WhiteElo "2506"]
[BlackElo "2272"]
[TimeControl "180+2"]
[EndTime "17:34:02 PDT"]
[Termination "Mornar1951 won by resignation"]

1. Nf3 d5 2. d4 Nf6 3. c4 c6 4.
Nbd2 e6 5. e3 Nbd7 6. Bd3 Bd6 7.
b3 e5 8. cxd5 cxd5 9. dxe5 Nxe5 10. Bb5+ Bd7 11. Bxd7+ Qxd7 12. O-O O-O 13. Bb2 Rfe8 14.
Nxe5 Bxe5 15. Bxe5 Rxe5 16. Nf3 Re6 17. Rc1 Rc8 18. Nd4 Ra6 19. Qe2 h6 20. h3 Rc7 21.
Qb2 Ra5 22. b4 Ra4 23. Rxc7 Qxc7 24. a3 a5 25. Nb5 Qd7 26. Nc3 axb4 27. Nxa4 Qxa4 28.
Qxb4 Qa6 29. Rb1 Ne4 30. Qxb7 Qe2 31. Qc8+ 1-0

[Event "*** Titled Tuesday 3|2 Blitz"]
[Site "Chess.com"]
[Date "2016.05.03"]
[Round "3"]
[White "Tonychess32"]
[Black "Viaje"]
[Result "1-0"]
[WhiteElo "2405"]
[BlackElo "2159"]
[TimeControl "180+2"]
[EndTime "17:34:26 PDT"]
[Termination "Tonychess32 won by resignation"]

1. e4 c5 2. Nf3 d6 3. c3 Nf6 4. Be2 Bd7 5. Qc2 Qc7 6. d3 g6 7. O-O Bg7 8. a4 O-O 9. h3 e5 10. Na3 a6 11. Nc4 h6 12. Re1 Nc6 13.
a5 Be6 14. Nb6 Rad8 15. c4 Nxa5 16. Nd5 Bxd5 17. cxd5 b5 18. b4 Nb7 19. Rxa6 Ra8 20.
Rc6 Qd7 21. bxc5 Nxc5 22. Nxe5 dxe5 23. Rxc5 Ne8 24. Rc6 Nd6 25. Be3 Rfc8 26. Rc1 Bf8 27. Qb2 h5 28. Qxe5 Rxc6 29. dxc6 Qc7 30. Bf4 Ra2 31. Bf3 Qa7 32. Be3 Qc7 33. Qd5 Ra3 34. Bc5 Ra2 35. Qxa2 1-0

[Event "*** Titled Tuesday 3|2 Blitz"]
[Site "Chess.com"]
[Date "2016.05.03"]
[Round "3"]
[White "FLchessplayer"]
[Black "zane33"]
[Result "0-1"]
[WhiteElo "2055"]
[BlackElo "1986"]
[TimeControl "180+2"]
[EndTime "17:34:29 PDT"]
[Termination "zane33 won by resignation"]

1. e4 e5 2. Nf3 Nc6 3. Bb5 Bc5 4. c3 Nf6 5. d3 O-O 6. O-O d5 7. Bxc6 bxc6 8. Nxe5 dxe4 9. d4 Qe8 10. Nxf7 Qxf7 11. dxc5 Bg4 12. Qd2 Rad8 13. Qg5 Be2 14. Re1 Ng4 15.
Qh4 Nxf2 16. Be3 Ng4 17. Na3 Bd1 18. Raxd1 Rxd1 19. Rxd1 Nxe3 0-1

[Event "*** Titled Tuesday 3|2 Blitz"]
[Site "Chess.com"]
[Date "2016.05.03"]
[Round "3"]
[White "sandropozo"]
[Black "Beca95"]
[Result "0-1"]
[WhiteElo "2274"]
[BlackElo "2545"]
[TimeControl "180+2"]
[EndTime "17:34:33 PDT"]
[Termination "Beca95 won by resignation"]

1. d4 Nf6 2. c4 c5 3. e3 g6 4. Nc3 Bg7 5. Nf3 O-O 6. Be2 cxd4 7. Nxd4 d5 8. cxd5 Nxd5 9. O-O Nxc3 10. bxc3 a6 11.
a4 Qc7 12. Rb1 e5 13. Nf3 Rd8 14. Qc2 Nd7 15. e4 Nc5 16. Bg5 Re8 17. Rfd1 Bd7 18.
Qa2 Bxa4 19. Rd5 b5 20. Be3 Nxe4 21. Rc1 Nxc3 22. Rxc3 Qxc3 23. h4 Bb3 0-1

[Event "*** Titled Tuesday 3|2 Blitz"]
[Site "Chess.com"]
[Date "2016.05.03"]
[Round "3"]
[White "SidArun"]
[Black "jposthuma"]
[Result "0-1"]
[WhiteElo "1973"]
[BlackElo "2146"]
[TimeControl "180+2"]
[EndTime "17:34:57 PDT"]
[Termination "jposthuma won by resignation"]

1. d4 Nf6 2. Nf3 c5 3. c3 g6 4.
e3 Bg7 5. Bd3 O-O 6. Nbd2 d6 7.
O-O Nc6 8. e4 e5 9. d5 Ne7 10. Ne1 Nh5 11. Nc4 b5 12. Ne3 a6 13.
c4 b4 14. Nf5 Nxf5 15. exf5 Nf4 16. Bxf4 exf4 17. Qc2 Qg5 18. Nf3 Qh5 19. fxg6 fxg6 20. Rae1 Bf6 21. Nd2 Bd7 22. f3 Bd4+ 23. Kh1 Rae8 24.
Ne4 Re5 25. b3 Qxh2+ 0-1

[Event "*** Titled Tuesday 3|2 Blitz"]
[Site "Chess.com"]
[Date "2016.05.03"]
[Round "3"]
[White "TheLancer"]
[Black "vinceyoung15"]
[Result "1-0"]
[WhiteElo "2472"]
[BlackElo "2211"]
[TimeControl "180+2"]
[EndTime "17:35:19 PDT"]
[Termination "TheLancer won by resignation"]

1. e4 c5 2. Nc3 Nc6 3. f4 d6 4. Nf3 g6 5. Bc4 e6 6. f5 Bg7 7. fxe6 fxe6 8. d3 Nge7 9. O-O d5 10. Bb3 O-O 11. Bg5 Bf6 12. Qe1 Nd4 13. Qh4 Nxb3 14.
Bxf6 Rxf6 15. Qxf6 Nxa1 16. Ng5 Qe8 17. Nxe6 Bxe6 18.
Qxe6+ Kg7 19. Rxa1 d4 20. Nd5 Nxd5 21. Qxd5 Qe7 22.
Rf1 Rf8 23. Rxf8 Kxf8 24. g3 b6 25. Kg2 Kg7 26. h4 h5 27. b3 Kh7 28. e5 g5 29.
e6 gxh4 30. Qd7 1-0

[Event "*** Titled Tuesday 3|2 Blitz"]
[Site "Chess.com"]
[Date "2016.05.03"]
[Round "3"]
[White "flavettes"]
[Black "Assasin14"]
[Result "0-1"]
[WhiteElo "2346"]
[BlackElo "2049"]
[TimeControl "180+2"]
[EndTime "17:35:32 PDT"]
[Termination "Assasin14 won by resignation"]

1. d4 d5 2. c4 c6 3. Nc3 Nf6 4. Nf3 e6 5. Bg5 Nbd7 6. cxd5 exd5 7. e3 Be7 8. Bd3 O-O 9. O-O Re8 10. Qc2 Nf8 11.
Bxf6 Bxf6 12. b4 Bg4 13. Nd2 b5 14. a4 a6 15. Nb3 Nd7 16. Nc5 Nb6 17. a5 Nc4 18.
Rae1 h6 19. h3 Bc8 20. Kh1 Be7 21. Ne2 Ra7 22. Nf4 Bd6 23. Ne2 Qh4 24. Ng1 Rae7 25. Re2 Bg4 26. Ree1 Bc8 27. e4 dxe4 28. Bxc4 bxc4 29.
Qxc4 e3 30. Nf3 Qh5 31. fxe3 Bxh3 32. e4 Be6+ 0-1

[Event "*** Titled Tuesday 3|2 Blitz"]
[Site "Chess.com"]
[Date "2016.05.03"]
[Round "3"]
[White "jk13"]
[Black "Noukii"]
[Result "1-0"]
[WhiteElo "2428"]
[BlackElo "2698"]
[TimeControl "180+2"]
[EndTime "17:35:47 PDT"]
[Termination "jk13 won by resignation"]

1. e4 e5 2. Nf3 Nc6 3. Bc4 Nf6 4. d3 Bc5 5. c3 O-O 6. O-O d5 7. exd5 Nxd5 8. Re1 Bg4 9. h3 Bh5 10. Nbd2 Nb6 11. Bb5 Bd6 12. Ne4 f5 13. Ng3 Bxf3 14. Qxf3 Qd7 15. Bd2 Rae8 16. Rad1 a6 17. Bxc6 bxc6 18.
Bc1 c5 19. b3 c6 20. c4 Na8 21. Bb2 Nc7 22. Kh1 e4 23. dxe4 fxe4 24. Qc3 Ne6 25.
Nxe4 Nd4 26. b4 Rf3 27. Nxd6 Rxe1+ 28. Qxe1 Qxd6 29. gxf3 Qd7 30. Bxd4 1-0

[Event "*** Titled Tuesday 3|2 Blitz"]
[Site "Chess.com"]
[Date "2016.05.03"]
[Round "3"]
[White "Zlatan56"]
[Black "E-Shaposhnikov"]
[Result "1-0"]
[WhiteElo "2581"]
[BlackElo "2447"]
[TimeControl "180+2"]
[EndTime "17:36:07 PDT"]
[Termination "Zlatan56 won by resignation"]

1. Nf3 c5 2. g3 Nc6 3. Bg2 g6 4. O-O Bg7 5. c3 d5 6. d4 cxd4 7. cxd4 Nh6 8. Ne5 Nf5 9. Nxc6 bxc6 10. e3 h5 11. Nc3 O-O 12. b3 h4 13. Ba3 hxg3 14. hxg3 Bf6 15. Rc1 Kg7 16. e4 Nxd4 17. exd5 Qa5 18. Ne4 Qxa3 19. Nxf6 exf6 20. Qxd4 Ba6 21.
Rfe1 cxd5 22. Rc6 Bb7 23. Rxf6 Kg8 24. Rf4 Rae8 25. Rxe8 Rxe8 26. Rh4 1-0

[Event "*** Titled Tuesday 3|2 Blitz"]
[Site "Chess.com"]
[Date "2016.05.03"]
[Round "3"]
[White "renanreis"]
[Black "chesstatour"]
[Result "1-0"]
[WhiteElo "2010"]
[BlackElo "2006"]
[TimeControl "180+2"]
[EndTime "17:36:07 PDT"]
[Termination "renanreis won by resignation"]

1. e4 c6 2. Nf3 d5 3. Nc3 dxe4 4. Nxe4 Nf6 5. Nxf6+ gxf6 6. d4 Bg4 7. Be2 e6 8. O-O Bd6 9. c4 Rg8 10. Re1 Nd7 11.
Qc2 Nf8 12. d5 Rc8 13. c5 Be5 14. Nxe5 fxe5 15. Bxg4 Rxg4 16. dxe6 Nxe6 17. Rxe5 Qd4 18. Qe2 Rd8 19. Bh6 Qd3 20. Rxe6+ 1-0

[Event "*** Titled Tuesday 3|2 Blitz"]
[Site "Chess.com"]
[Date "2016.05.03"]
[Round "3"]
[White "bugsbunny444"]
[Black "MinhGTrAn"]
[Result "0-1"]
[WhiteElo "2381"]
[BlackElo "2614"]
[TimeControl "180+2"]
[EndTime "17:36:13 PDT"]
[Termination "MinhGTrAn won by resignation"]

1. Nf3 Nf6 2. c4 b6 3. g3 Bb7 4. Bg2 e6 5. O-O Be7 6. b3 O-O 7. Bb2 d5 8. e3 dxc4 9. bxc4 c5 10. Nc3 Nc6 11. Qe2 Qd7 12. Rad1 Rfd8 13. Ne1 a6 14. f4 b5 15. cxb5 axb5 16. Qxb5 Ra5 17. Qb6 Rb8 18.
Bxc6 Qxc6 19. Qxc6 Bxc6 20. Nd3 Nd7 21. Ba1 Bf6 22.
Rb1 Rba8 23. Rfc1 Kf8 24. Nf2 h5 25. Kf1 Be7 26. Ke1 f5 27. Nd3 Kf7 28. Nb2 h4 29. Nc4 R5a6 30. Kf2 Rh8 31. Ne2 hxg3+ 32. hxg3 Rh2+ 33.
Kf1 Rxa2 34. Ng1 Be4 35. Rb2 Bd3+ 36. Ke1 Bxc4 0-1

[Event "*** Titled Tuesday 3|2 Blitz"]
[Site "Chess.com"]
[Date "2016.05.03"]
[Round "3"]
[White "Silent_Terror"]
[Black "PedroLeRobot"]
[Result "0-1"]
[WhiteElo "2575"]
[BlackElo "2447"]
[TimeControl "180+2"]
[EndTime "17:36:13 PDT"]
[Termination "PedroLeRobot won by checkmate"]

1. e4 g6 2. d4 Bg7 3. Be3 d6 4. Nc3 a6 5. f3 b5 6. a3 Bb7 7. Qd2 Nd7 8. h4 h5 9. Nh3 Qc8 10. Be2 c5 11. Ng5 Ngf6 12. O-O-O b4 13. Nb1 a5 14.
Bc4 O-O 15. Ba2 cxd4 16. Bxd4 Nc5 17. Qe3 Qc7 18. e5 Nd5 19. Bxd5 Bxd5 20. Nd2 bxa3 21.
Qxa3 Rfc8 22. exd6 exd6 23. Bxc5 Rab8 24. c3 dxc5 25.
Nde4 Qf4+ 26. Kb1 Rb3 27. Qxa5 Bxe4+ 28. Nxe4 Qb8 29. Rd2 f5 30. Nxc5 Bxc3 31. Qa6 Rxb2+ 32. Kc1 Rb1+ 33. Kc2 Qb2+ 34. Kd3 Qxd2+ 35. Kc4 Qd4# 0-1

[Event "*** Titled Tuesday 3|2 Blitz"]
[Site "Chess.com"]
[Date "2016.05.03"]
[Round "3"]
[White "Kacparov"]
[Black "oskariot"]
[Result "1/2-1/2"]
[WhiteElo "2566"]
[BlackElo "2421"]
[TimeControl "180+2"]
[EndTime "17:36:15 PDT"]
[Termination "Game drawn by agreement"]

1. e4 c5 2. Nf3 d6 3. d4 cxd4 4. Nxd4 Nf6 5. f3 Nc6 6. c4 g6 7.
Nc3 Bg7 8. Be3 O-O 9. Qd2 Bd7 10. Be2 Nxd4 11. Bxd4 a5 12. O-O Bc6 13. Rac1 Nd7 14.
Be3 Nc5 15. Rfd1 Qb6 16. Bf1 Rfc8 17. Kh1 a4 18. Rc2 Qb4 19. Nd5 Qxd2 20. Rdxd2 Bxd5 21. cxd5 a3 22. b4 Na6 23. Bxa6 bxa6 24. Rc6 Rcb8 25. Bb6 Bc3 26. Rxc3 Rxb6 27. Rd4 a5 28. Rxa3 Rc8 29. h4 Rxb4 30. Rxb4 axb4 31. Ra7 Kf8 32. Rb7 Rc2 33. Rb8+ Kg7 34. Rxb4 Rxa2 35. Rb7 Kf6 36. Kh2 h6 37. Kg3 g5 1/2-1/2

[Event "*** Titled Tuesday 3|2 Blitz"]
[Site "Chess.com"]
[Date "2016.05.03"]
[Round "3"]
[White "Checky2015"]
[Black "Zazuliak"]
[Result "1-0"]
[WhiteElo "2599"]
[BlackElo "2367"]
[TimeControl "180+2"]
[EndTime "17:36:17 PDT"]
[Termination "Checky2015 won by resignation"]

1. d4 Nf6 2. c4 g6 3. Nc3 Bg7 4. e4 d6 5. Bd3 O-O 6. Nge2 e5 7.
d5 c5 8. O-O Nbd7 9. Bg5 h6 10. Be3 Re8 11. Ng3 Nf8 12. a3 b6 13.
b4 g5 14. Bc2 Ng6 15. Ba4 Rf8 16. Bc6 Rb8 17. Rb1 Bd7 18. Bxd7 Qxd7 19. Nf5 Ne7 20. Nxe7+ Qxe7 21. bxc5 bxc5 22. Qa4 Ng4 23. Bd2 Kh7 24.
f3 Nf6 25. Ne2 Nh5 26. Ng3 Nxg3 27. hxg3 Kg6 28. g4 Rfc8 29. Rb5 Rxb5 30. Qxb5 Qc7 31. Rb1 Bf8 32. Ba5 Qe7 33. Qb7 Re8 34. Qxe7 Rxe7 35.
Rb8 Kg7 36. Kf2 Rd7 37. Ke2 Kf6 38. Rxf8 1-0

[Event "*** Titled Tuesday 3|2 Blitz"]
[Site "Chess.com"]
[Date "2016.05.03"]
[Round "3"]
[White "pKiLz5Rn9b"]
[Black "SabinaFoisor"]
[Result "1-0"]
[WhiteElo "2416"]
[BlackElo "2180"]
[TimeControl "180+2"]
[EndTime "17:36:38 PDT"]
[Termination "pKiLz5Rn9b won by resignation"]

1. e4 e5 2. Nf3 Nc6 3. Bc4 Bc5 4. c3 Nf6 5. d3 O-O 6. O-O a6 7. h3 h6 8. Nbd2 Re8 9. Re1 Bf8 10. Bb3 d6 11.
Nf1 Be6 12. Ng3 Bxb3 13. axb3 g6 14. Be3 Bg7 15. Nh2 d5 16. Qf3 d4 17. Bd2 Qd6 18. Rad1 Na5 19. cxd4 Nxb3 20. dxe5 Nxd2 21. Rxd2 Qxe5 22.
d4 Qa5 23. Rde2 Rad8 24. e5 Nd5 25. e6 fxe6 26. Qg4 Nf6 27. Qxg6 Qg5 28. Qc2 c6 29. Nf3 Qd5 30. Re5 Qd6 31. Ne4 Nxe4 32. R5xe4 Rd7 33. Rg4 Qf8 34. Qg6 Kh8 35. Nh4 Qf7 36. Qd3 Rf8 37. Ng6+ Kg8 38. Nxf8 Qxf8 39. Rxe6 Rf7 40. Reg6 Qe7 41.
Qe3 Qd7 42. Qxh6 Kf8 43. Rxg7 Rxg7 44. Qh8+ 1-0

[Event "*** Titled Tuesday 3|2 Blitz"]
[Site "Chess.com"]
[Date "2016.05.03"]
[Round "3"]
[White "viktorskliarov"]
[Black "andretta"]
[Result "1-0"]
[WhiteElo "2455"]
[BlackElo "2176"]
[TimeControl "180+2"]
[EndTime "17:36:38 PDT"]
[Termination "viktorskliarov won by resignation"]

1. e4 e6 2. d4 d5 3. e5 c5 4. c3 Nc6 5. Nf3 Bd7 6. a3 c4 7. Nbd2 Na5 8. g3 Bc6 9. h4 Qd7 10. h5 h6 11. Bh3 Ba4 12. Qe2 O-O-O 13. O-O Kb8 14. Nh4 Ne7 15. f4 g6 16. hxg6 fxg6 17. Qg4 g5 18. fxg5 hxg5 19. Ng2 Nf5 20. Nf3 Be7 21.
Bxg5 Rdg8 22. Ngh4 Ne3 23. Qxe6 Qxe6 24. Bxe6 Rxg5 25.
Nxg5 Bxg5 26. Rf7 Bxh4 27. gxh4 Rxh4 28. Re1 Nc2 29. Re2 Na1 30. Bxd5 Rg4+ 31. Rg2 Rxg2+ 32.
Kxg2 Bc6 33. Bxc6 Nxc6 34. e6 Nb3 1-0

[Event "*** Titled Tuesday 3|2 Blitz"]
[Site "Chess.com"]
[Date "2016.05.03"]
[Round "3"]
[White "1random"]
[Black "ethylalcohol"]
[Result "1-0"]
[WhiteElo "2038"]
[BlackElo "1750"]
[TimeControl "180+2"]
[EndTime "17:36:48 PDT"]
[Termination "1random won on time"]

1. e4 c5 2. Nf3 d6 3. d4 cxd4 4. Nxd4 Nf6 5. Nc3 a6 6. Be2 e5 7.
Nb3 h6 8. Be3 Be7 9. Qd2 b5 10. f3 Bb7 11. O-O-O Nbd7 12. Kb1 Rc8 13. a4 b4 14. Nd5 Bxd5 15. exd5 a5 16. g4 Qc7 17. h4 Nxd5 18. Qxd5 Qxc2+ 19. Ka2 Qxe2 20. Rhe1 Qc4 21. Qxc4 Rxc4 22. Nxa5 Rc8 23. Nb7 Rc6 24. Rc1 Nc5 25. Bxc5 dxc5 26. Rxe5 Kf8 27. b3 Bxh4 28. Na5 Re6 29. Rxe6 fxe6 30. Rxc5 Kf7 31. Nc4 Bf6 32. Kb1 Rd8 33. Kc2 1-0